 Dungeon Crawl Stone Soup version 0.32-a0-656-g3542139ebd (webtiles) character file.

Game seed: 14157904177753043638

1723748 juan097 the Slayer (level 27, 237/237 HPs)
             Began as a Coglin Berserker on Mar 8, 2024.
             Was the Champion of Trog.
             Escaped with the Orb
             ... and 3 runes!
             The game lasted 03:21:00 (64621 turns).

juan097 the Slayer (Coglin Berserker)              Turns: 64621, Time: 03:21:00

Health: 237/237    AC: 44    Str: 37    XL:     27
Magic:  10/10      EV: 20    Int: 13    God:    Trog [******]
Gold:   5850       SH:  0    Dex: 20    Spells: 26/26 levels left

rFire   + + .        E - +7 broad axe of Killer Bee's Bane {antimagic, ^Contam +Blink Str+8 Stlth-}
rCold   + . .        c - +4 broad axe of Grontol {heavy, Str+4 Int+3}
rNeg    . . .        G - +10 plate armour {ponderous}
rPois   +            Z - +2 helmet
rElec   .            y - scarf {rC+ rF+}
rCorr   +            Y - +2 pair of gloves {hurl}
SInv    .            N - +5 pair of boots of Servitude {Fly MP+9 Int+2 Dex+3}
Will    ++...        (amulet unavailable) Stlth
                     (ring unavailable)
HPRegen 1.39/turn    (ring unavailable)
MPRegen 0.52/turn    X - gyromatrix Mk.59 {rPois rF+ Regen+ RegenMP+ rCorr}

%: no passive effects
@: flying, studying 2 skills, slow
A: off-hand wielding, slow wielding, warmup strikes, no jewellery, weak 1
0: Orb of Zot
}: 3/15 runes: decaying, silver, gossamer
a: Renounce Religion, Evoke Blink, Berserk, Trog's Hand, Brothers in Arms


You escaped.
You worshipped Trog.
Trog was exalted by your worship.
You visited 10 branches of the dungeon, and saw 48 of its levels.
You visited the Abyss 1 time.
You also visited: Trove and Ice Cave.

You collected 10471 gold pieces.
You spent 4621 gold pieces at shops.

Inventory:

Hand Weapons
 c - the +4 broad axe of Grontol (offhand) {heavy, Str+4 Int+3}
   (You found it in a treasure trove)

   Str+4:     It affects your strength (+4).
   Int+3:     It affects your intelligence (+3).
 E - the +7 broad axe of Killer Bee's Bane (weapon) {antimagic, ^Contam +Blink Str+8 Stlth-}
   (Trog gifted it to you on level 1 of the Swamp)

   Str+8:     It affects your strength (+8).
   +Blink:    It lets you blink.
   ^Contam:   It causes magical contamination when unequipped.
   Stlth-:    It makes you less stealthy.
Missiles
 b - 8 silver javelins (quivered)
 d - 6 javelins
 I - 4 curare-tipped darts
 M - 14 boomerangs
 U - 3 darts of dispersal
Armour
 l - a +4 scale mail of cold resistance
 w - the +0 cloak of Inaction {Dex+4}
   (You found it on level 3 of the Dungeon)

   Dex+4:     It affects your dexterity (+4).
 y - a scarf of resistance (worn)
 G - a +10 plate armour of ponderousness (worn)
 N - the +5 pair of boots of Servitude (worn) {Fly MP+9 Int+2 Dex+3}
   (You found it on level 1 of the Spider Nest)

   Int+2:     It affects your intelligence (+2).
   Dex+3:     It affects your dexterity (+3).
   MP+9:      It affects your magic capacity (+9).
   Fly:       It grants you flight.
 Y - a +2 pair of gloves of hurling (worn)
 Z - a +2 helmet (worn)
Gizmo
 X - a gyromatrix Mk.59 (installed) {rPois rF+ Regen+ RegenMP+ rCorr}
   (You invented it yourself on level 4 of the Lair of Beasts)

   [gyromatrix Mk.59]

   rF+:       It protects you from fire.
   rPois:     It protects you from poison.
   Regen+:    It increases your rate of health regeneration.
   rCorr:     It protects you from acid and corrosion.
   RegenMP+:  It increases your rate of magic regeneration.
Wands
 n - a wand of flame (22)
 p - a wand of digging (14)
 D - a wand of quicksilver (4)
 P - a wand of roots (39)
 Q - a wand of mindburst (16)
 R - a wand of paralysis (31)
Scrolls
 e - a scroll of silence
 k - 4 scrolls of blinking
 q - 11 scrolls of teleportation
 s - 11 scrolls of fear
 t - 3 scrolls of butterflies
 v - 11 scrolls of vulnerability
 A - 4 scrolls of revelation
 F - 8 scrolls of immolation
 L - 2 scrolls of poison
 T - 7 scrolls of fog
 W - 2 scrolls of enchant armour
Potions
 a - 7 potions of berserk rage
 f - 25 potions of curing
 g - 4 potions of haste
 i - 17 potions of heal wounds
 j - 5 potions of cancellation
 m - 4 potions of enlightenment
 r - 17 potions of ambrosia
 x - 3 potions of resistance
 z - 7 potions of might
 H - 2 potions of lignification
 J - 4 potions of mutation
 K - 6 potions of invisibility
 V - 3 potions of attraction
Miscellaneous
 h - a phial of floods
 u - a lightning rod (4/4)
 B - a sack of spiders
 C - a tin of tremorstones (2/2)
 S - a phantom mirror


   Skills:
 + Level 23.6 Fighting
 - Level 10.0 Short Blades
 - Level 18.0 Axes
 + Level 16.9 Throwing
 + Level 21.6 Armour
 + Level 17.8 Dodging
 - Level 8.0 Stealth
 + Level 21.3 Evocations


You had 26 spell levels left.
You didn't know any spells.
Your spell library contained the following spells:

 Spells                   Type           Power      Damage    Failure   Level
 Magic Dart               Conj           0%         1d3       65%         1
 Searing Ray              Conj           0%         2d4       80%         2
 Tukima's Dance           Hex            0%         N/A       95%         3
 Dimensional Bullseye     Hex/Tloc       0%         N/A       100%        4
 Fulminant Prism          Conj/Alch      0%         3d5       100%        4
 Iskenderun's Mystic Bla  Conj/Tloc      0%         2d3       100%        4
 Olgreb's Toxic Radiance  Alch           0%         N/A       100%        4
 Sculpt Simulacrum        Ice/Alch       0%         N/A       100%        6
 Ozocubu's Refrigeration  Ice            0%         4d7       100%        7
 Discord                  Hex            0%         N/A       100%        8
 Polar Vortex             Ice            0%         N/A       100%        9


Dungeon Overview and Level Annotations

Branches:
Dungeon (15/15)            Temple (1/1) D:7            Lair (5/5) D:11
  Swamp (4/4) Lair:2       Spider (4/4) Lair:2        Slime (0/5) Lair:4
    Orc (2/2) D:9             Elf (3/3) Orc:2        Vaults (5/5) D:13
  Crypt (0/3) Vaults:2     Depths (4/4) D:15            Zot (5/5) Depths:4
  IceCv (visited)

Altars:
Ashenzari
Cheibriados
Dithmenos
Elyvilon
Fedhas
Gozag
Hepliaklqana
Kikubaaqudgha
Makhleb
Nemelex Xobeh
Okawaru
Qazlal
Ru
Sif Muna
Trog
Uskayaw
Vehumet
Wu Jian
Xom
Yredelemnul
Zin
The Shining One
Jiyva
Lugonu

Shops:
D:7 *   D:9 *   Orc:2 (?:**((   Elf:1 :*!=[   Elf:2 [   Elf:3 *   Vaults:2 (
Vaults:3 ?   Vaults:4 [   Vaults:5 ?:   Depths:3 *   Depths:4 :=:

Portals:
Hell: Depths:1 Depths:2 Depths:3 Depths:4
Abyss: Lair:5 Zot:1 Depths:2 Depths:3
Pandemonium: Depths:1 Depths:2
Ziggurat: Depths:2

Annotations:
D:8 1 runed translucent door
D:14 2 transporters, exclusion: obsidian statue, Ucadoall's ghost, journeyman BaHu
Swamp:1 3 runed translucent doors, retardedninja's ghost, adept CoFi
Elf:2 5 runed translucent doors
Zot:1 2 transporters, Emoisch's ghost, adept MiFi
Zot:3 1 transporter


Innate Abilities, Weirdness & Mutations

You can wield a second weapon in your off-hand.
It takes a long time for you to wield or remove held weapons.
Your first few attacks do less damage.
You cannot equip rings or amulets.
You are weak. (Str -2)


Message History

What level of the Dungeon? (default 1, ? - help)
You fly upwards.
There is a stone staircase leading down here.
There is a stone staircase leading up here.
You fly upwards.
There is a stone staircase leading down here.
A ynoxinul comes into view.
There is a stone staircase leading up here.
You fly upwards.
There is a stone staircase leading down here.
What level of the Dungeon? (default 1, ? - help)
There is a stone staircase leading up here.
You fly upwards.
There is a stone staircase leading down here.
A Brimstone Fiend comes into view.
You throw a silver javelin.
The silver javelin pierces through the Brimstone Fiend!
The Brimstone Fiend is lightly wounded.
You throw a silver javelin.
The silver javelin pierces through the Brimstone Fiend but does no damage.
The Brimstone Fiend is lightly wounded.
You throw a silver javelin.
The silver javelin pierces through the Brimstone Fiend!!!
The Brimstone Fiend is severely wounded.
You throw a silver javelin.
The silver javelin pierces through the Brimstone Fiend!!
You kill the Brimstone Fiend!
Trog accepts your kill.
What level of the Dungeon? (default 1, ? - help)
A chaos spawn comes into view.
The chaos spawn moves out of view.
You see here a +0 dagger.
There is a stone staircase leading up here.
You fly upwards.
There is a stone staircase leading down here.
Okay, then.
You reach down and open the door.
There is an open door here.
There is a staircase leading out of the dungeon here.
You have escaped!

#....#.####.#........†#.#
#......####.###.........#
######.....###.....###########
......)....#'.......+#
###.......##.........##
#...##.##...........##
#...##.#.............#
#...##.#.............#
#...##.#......@......#
#...##.#.............#
########.#.............# .#
#.##...........## .####
#..#'.........##
....#####..##.......##
............##.....##
###......#..###...##
.......#.....###.#+##


There were no monsters in sight!

Vanquished Creatures
  3 ancient liches
  8 dread liches (Zot:5)
  3 orbs of fire
  Mara (Depths:1)
  Vv (Zot:4)
  Sojobo (Depths:1)
  7 Killer Klowns
  Saint Roka (Depths:2)
  2 caustic shrikes
  2 curse toes
  Nikola (Vaults:1)
  8 golden dragons
  Jory (Depths:3)
  2 bone dragons
  the Enchantress (Depths:3)
  A Brimstone Fiend (D:2)
  3 electric golems
  14 tentacled monstrosities
  Rupert (D:15)
  3 liches
  2 walking earthen tomes (Depths:2)
  3 deep elf blademasters (Elf:3)
  25 Orb Guardians (Zot:5)
  6 quicksilver dragons
  A walking frostbound tome (Depths:3)
  8 death cobs
  A deep elf master archer (Elf:3)
  8 sphinxes
  9 titans
  12 storm dragons
  Kirke (D:15)
  Roxanne (D:15)
  A thorn hunter (Swamp:4)
  9 tengu reavers
  6 shadow dragons
  11 fire giants
  4 nagarajas (Depths:4)
  6 draconian knights
  2 protean progenitors (Zot:5)
  5 draconian monks
  10 deep elf sorcerers
  2 balrugs
  2 iron dragons
  14 vault wardens
  4 emperor scorpions
  2 fenstrider witches
  4 frost giants
  A daeva (Vaults:1)
  6 draconian shifters
  3 deep elf elementalists (Elf:3)
  An angel (Vaults:1)
  8 ghost moths
  4 draconian scorchers
  3 draconian stormcallers
  2 orc warlords
  A cacodemon (Depths:1)
  A reaper (D:13)
  6 spriggan defenders
  7 draconian annihilators
  3 ghouls (Swamp:3)
  20 ironbound preservers
  23 very ugly things
  5 broodmothers
  10 ironbound thunderhulks
  11 stone giants
  3 vampire knights
  3 eleionomae
  10 green draconians
  12 red draconians
  A demonspawn black sun (D:6)
  3 war gargoyles
  A bunyip (Swamp:1)
  2 deep elf demonologists
  18 dire elephants
  15 black draconians
  8 purple draconians
  11 white draconians
  4 deep elf death magi
  16 yellow draconians
  7 spark wasps
  10 deep elf annihilators
  3 eidola
  12 ettins
  2 green deaths
  Snorg (D:13)
  2 jiangshi (Depths:3)
  Josephine (D:13)
  14 fire dragons
  An entropy weaver (shapeshifter) (D:12)
  2 deep elf high priests
  14 yaktaur captains
  3 salamander tyrants (Depths:1)
  4 entropy weavers
  4 great orbs of eyes
  A shambling mangrove (Swamp:4)
  28 vault guards
  23 hydras
  4 rakshasas
  6 ice dragons
  An ogre mage (D:15)
  A peacekeeper (Vaults:3)
  3 caustic shrike simulacra (IceCv)
  4 alligators
  22 centaur warriors
  A ghost crab (Spider:4)
  3 deep troll shamans
  A jorogumo (shapeshifter) (Vaults:4)
  5 anacondas
  11 two-headed ogres
  6 boulder beetles
  5 jorogumos
  2 merfolk aquamancers (D:14)
  14 ironbound frosthearts
  5 radroaches
  14 spriggan air magi
  A catoblepas (D:14)
  The ghost of Buudu the Cleaver, a novice MDFi of Qazlal (Lair:2)
  15 dancing weapons
  2 two-headed ogres (shapeshifter)
  12 demonic crawlers
  2 deep troll earth magi
  4 orc high priests
  3 tengu warriors
  A hell hog (Depths:4)
  3 vampire magi
  4 thrashing horrors
  6 naga warriors (Depths:4)
  3 sun demons
  3 soul eaters
  Sonja (Lair:4)
  Nergalle (Lair:1)
  11 spriggan berserkers
  A wretched star (Abyss:2)
  A skyshark (Lair:3)
  14 deep elf knights
  7 hell knights
  A shadow wraith (Abyss:2)
  A skyshark (shapeshifter) (Vaults:4)
  An iron troll (Depths:2)
  4 skeletal warriors (D:9)
  A sixfirhy (Depths:2)
  A pharaoh ant (Spider:3)
  A death drake (Abyss:2)
  6 orb spiders
  62 deep trolls
  3 goliath frogs
  2 salamander mystics
  4 large abominations
  2 mana vipers (Depths:4)
  3 spriggan druids
  A sea snake (Depths:4)
  7 swamp dragons
  3 flayed ghosts
  A bog body (Swamp:1)
  An orange crystal statue (IceCv)
  2 sun moths
  8 arcanists
  4 glowing orange brains
  8 deep elf archers
  16 orc knights
  26 ironbound convokers
  14 lindwurms
  12 steelbarb worms
  21 deep elf zephyrmancers
  2 necromancers
  3 thermic dynamos (Elf:1)
  A lindwurm (shapeshifter) (Depths:2)
  27 deep elf pyromancers
  3 phantasmal warriors
  13 harpies
  2 starcursed masses (Abyss:2)
  A wolf spider (shapeshifter) (Vaults:4)
  17 wolf spiders
  46 ugly things
  7 orc sorcerers
  5 will-o-the-wisps
  A manticore (shapeshifter) (D:13)
  6 salamanders
  27 moths of wrath
  3 cyclopes
  3 manticores
  A shining eye (shapeshifter) (Vaults:5)
  3 kobold blastminers
  7 meliai
  The ghost of DeathSocks the Skirmisher, a novice DEHu (D:6)
  An elephant (shapeshifter) (Vaults:5)
  A meliai (shapeshifter) (Lair:5)
  A moth of wrath (shapeshifter) (D:13)
  8 black mambas
  A black mamba (shapeshifter) (D:15)
  6 guardian serpents (Depths:4)
  5 naga magi (Depths:4)
  19 vault sentinels
  5 elephants (Lair:1)
  A water nymph (shapeshifter) (Vaults:4)
  A torpor snail (shapeshifter) (Depths:2)
  8 torpor snails
  13 cane toads
  6 smoke demons
  A kobold demonologist (D:12)
  An unseen horror (D:12)
  6 rime drakes
  4 freezing wraiths
  An efreet (D:13)
  A tengu conjurer (D:15)
  32 yaktaurs
  6 komodo dragons
  An ice devil (Abyss:2)
  A tormentor (Depths:2)
  Psyche (D:10)
  2 ancient zymes (Abyss:2)
  An anaconda simulacrum (Depths:4)
  A queen bee (D:13)
  13 hornets
  2 polar bears (Lair:4)
  A bloated husk (Swamp:1)
  3 raiju
  2 trolls
  17 tyrant leeches
  32 tarantellas
  2 glass eyes
  2 alligator simulacra (IceCv)
  30 blink frogs
  2 dream sheep (shapeshifter)
  4 dream sheep (D:9)
  A blink frog (shapeshifter) (Lair:5)
  21 jumping spiders
  3 air elementals
  18 spriggans
  2 culicivoras (shapeshifter) (Elf:1)
  43 slime creatures
  24 culicivoras
  48 yaks
  A ynoxinul (Depths:2)
  6 wyverns
  8 wraiths
  A hog (D:15)
  4 water elementals
  4 basilisks
  2 fire elementals
  2 dire elephant simulacra (IceCv)
  Grum (D:10)
  45 redbacks
  3 steam dragons
  2 wargs
  A golden eye (shapeshifter) (Lair:5)
  17 vampire mosquitoes
  A warg (shapeshifter) (Lair:5)
  15 small abominations
  A chaos spawn (Lair:5)
  3 nagas (Depths:4)
  2 acid dragons
  10 swamp worms
  3 harpy simulacra (IceCv)
  3 hydra simulacra (IceCv)
  11 water moccasins
  30 orc warriors
  17 swamp drakes
  3 black bears
  2 ice beasts (D:7)
  3 hell hounds (D:13)
  A black bear (shapeshifter) (Lair:5)
  An ettin simulacrum (IceCv)
  A laughing skull (Vaults:2)
  5 ogres
  2 sky beasts
  5 boggarts
  20 wolves
  13 centaurs
  4 kobold brigands
  A phantom (D:7)
  Blork the orc (D:5)
  2 gnoll sergeants
  9 bullfrogs
  A scorpion (D:6)
  7 wights
  2 lindwurm simulacra (IceCv)
  30 killer bees
  2 electric eels (D:9)
  A howler monkey (D:9)
  4 bombardier beetles
  11 jellies
  A gnoll bouda (D:9)
  23 orc priests
  5 hounds
  An iron imp (Abyss:2)
  4 iguanas
  23 orc wizards
  Natasha (thrice) (D:2)
  9 gnolls
  10 adders
  A shadow imp (D:5)
  6 white imps
  7 ufetubi
  3 dart slugs
  2 ribbon worms
  77 orcs
  6 bats
  11 endoplasms
  3 giant cockroaches
  9 goblins
  6 hobgoblins (D:1)
  5 jackals (D:1)
  25 kobolds
  4 quokkas
  7 ball pythons
  2 frilled lizards (D:1)
  A goblin skeleton (D:8)
  8 rats
  A spectral weapon (D:9)
2168 creatures vanquished.

Vanquished Creatures (collateral kills)
  Bai Suzhen (Elf:3)
  An ironbound preserver (Vaults:1)
  A very ugly thing (IceCv)
  A green draconian (Zot:3)
  A dire elephant (Vaults:1)
  An entropy weaver (Vaults:2)
  A centaur warrior (Vaults:2)
  A demonic crawler (Spider:4)
  An arcanist (Vaults:2)
  An ironbound convoker (Vaults:2)
  An orange crystal statue (IceCv)
  A deep elf zephyrmancer (Elf:3)
  A lindwurm (Vaults:2)
  2 ugly things (Vaults:2)
  3 naga magi (Depths:4)
  A black mamba (Depths:4)
  2 freezing wraiths (IceCv)
  2 yaktaurs
  A golden dragon simulacrum (IceCv)
24 creatures vanquished.

Vanquished Creatures (others)
  A death cob (Zot:2)
  A merfolk aquamancer (D:14)
  A naga warrior (Depths:4)
  2 humans (D:15)
  An orc priest (Orc:1)
  2 orcs
  16 foxfires
24 creatures vanquished.

Grand Total: 2216 creatures vanquished

Notes
Turn   | Place    | Note
-------+----------+-------------------------------------------
     0 | D:1      | juan097 the Coglin Berserker began the quest for the Orb.
     0 | D:1      | Reached XP level 1. HP: 18/18 MP: 1/1
   151 | D:1      | Reached XP level 2. HP: 18/24 MP: 2/2
   152 | D:1      | Reached skill level 1 in Stealth
   377 | D:1      | Reached ** piety under Trog
   421 | D:1      | Reached XP level 3. HP: 26/29 MP: 3/3
  1378 | D:2      | Noticed Natasha
  1387 | D:2      | Killed Natasha
  1388 | D:2      | Reached skill level 1 in Short Blades
  1388 | D:2      | Reached XP level 4. HP: 29/35 MP: 4/4
  1533 | D:2      | Found a faded altar of an unknown god.
  1741 | D:2      | Noticed Natasha
  1747 | D:2      | Killed Natasha
  1748 | D:2      | Reached XP level 5. HP: 40/41 MP: 5/5
  1775 | D:2      | Noticed Natasha
  1782 | D:2      | Killed Natasha
  2409 | D:3      | Identified the +0 cloak of Inaction {Dex+4}
  2582 | D:3      | Reached XP level 6. HP: 46/47 MP: 6/6
  3101 | D:4      | Found a radiant altar of Vehumet.
  3234 | D:4      | Reached *** piety under Trog
  3475 | D:4      | Reached XP level 7. HP: 52/52 MP: 7/7
  3709 | D:5      | Entered Level 5 of the Dungeon
  3856 | D:5      | Reached skill level 5 in Short Blades
  4169 | D:5      | Noticed Blork the orc
  4175 | D:5      | Killed Blork the orc
  4482 | D:5      | Identified the ring "Pedghyjy" {rN+ EV+5 Slay+2}
  4527 | D:5      | Reached skill level 1 in Evocations
  4527 | D:5      | Reached XP level 8. HP: 36/58 MP: 8/8
  4815 | D:6      | Found a bloodstained altar of Trog.
  4912 | D:6      | Found a runed translucent gate.
  4912 | D:6      | Found an opulent altar of Gozag.
  4912 | D:6      | Found a runed translucent gate.
  4913 | D:6      | Found a runed translucent gate.
  4913 | D:6      | Noticed a two-headed ogre
  4914 | D:6      | Noticed DeathSocks's ghost (novice DEHu)
  5014 | D:6      | Found a glowing golden altar of the Shining One.
  5102 | D:6      | Found an ancient bone altar of Kikubaaqudgha.
  5137 | D:6      | Reached skill level 4 in Fighting
  5512 | D:6      | Found a snail-covered altar of Cheibriados.
  5512 | D:6      | Noticed a torpor snail
  5515 | D:6      | Noticed a torpor snail
  5515 | D:6      | Noticed a torpor snail
  5675 | D:6      | Reached **** piety under Trog
  5732 | D:6      | Reached XP level 9. HP: 62/66 MP: 9/9
  6401 | D:7      | Found Cifei's Assorted Antiques.
  6406 | D:7      | Bought a coppery potion for 21 gold pieces
  6406 | D:7      | Bought a scroll labelled PEEPEA HUCEITE for 24 gold pieces
  6455 | D:7      | Reached skill level 5 in Fighting
  6770 | D:7      | Found a staircase to the Ecumenical Temple.
  6800 | Temple   | Entered the Ecumenical Temple
  7227 | D:8      | Reached skill level 1 in Throwing
  7447 | D:8      | Reached skill level 6 in Fighting
  7447 | D:8      | Reached skill level 5 in Dodging
  7456 | D:8      | Reached XP level 10. HP: 56/76 MP: 10/10
  7631 | D:8      | Reached ***** piety under Trog
  8097 | D:8      | Found a broken altar of Ashenzari.
  8102 | D:8      | Found a runed translucent door.
  8205 | D:8      | Found a basalt altar of Yredelemnul.
  8850 | D:9      | Reached skill level 5 in Evocations
  8990 | D:9      | Noticed a skeletal warrior
  9000 | D:9      | Reached XP level 11. HP: 75/83 MP: 11/11
  9001 | D:9      | Noticed a skeletal warrior
  9002 | D:9      | Noticed a skeletal warrior
  9047 | D:9      | Noticed a skeletal warrior
  9134 | D:9      | Reached skill level 5 in Armour
  9378 | D:9      | Reached skill level 7 in Fighting
  9543 | D:9      | Noticed a two-headed ogre
  9555 | D:9      | Killed a two-headed ogre
  9729 | D:9      | Identified the +1 hand axe "Koepoas Kumi" {spect, Will-
                  | Str+3 Int+3 Dex-4}
  9786 | D:10     | Entered Level 10 of the Dungeon
  9939 | D:10     | Noticed Psyche
 10143 | D:10     | Noticed a red ugly thing
 10157 | D:10     | Killed a brown ugly thing
 10269 | D:10     | Noticed Grum
 10286 | D:10     | Killed Grum
 10334 | D:10     | Killed Psyche
 10577 | D:10     | Received a gift from Trog
 10646 | D:10     | Reached skill level 8 in Fighting
 10946 | D:10     | Noticed a two-headed ogre
 10951 | D:10     | Killed a two-headed ogre
 11010 | D:10     | Found an opulent altar of Gozag.
 11010 | D:10     | Found a glowing silver altar of Zin.
 11078 | D:10     | Noticed a lindwurm
 11192 | D:11     | Reached skill level 10 in Short Blades
 11562 | D:11     | Reached XP level 12. HP: 40/92 MP: 12/12
 11789 | D:11     | Noticed a two-headed ogre
 11796 | D:11     | Killed a two-headed ogre
 12256 | D:11     | Found a staircase to the Lair.
 12653 | Lair:1   | Entered Level 1 of the Lair of Beasts
 12776 | Lair:1   | Noticed Nergalle
 12802 | Lair:1   | Killed Nergalle
 12803 | Lair:1   | Reached skill level 5 in Throwing
 14088 | Lair:1   | Reached skill level 9 in Fighting
 14438 | Lair:2   | Found a hole to the Spider Nest.
 14648 | Lair:2   | Found a runed translucent gate.
 14683 | Lair:2   | Found a runed translucent gate.
 14683 | Lair:2   | Found a runed translucent gate.
 14686 | Lair:2   | Found a viscous altar of Jiyva.
 14686 | Lair:2   | Noticed Buudu's ghost (novice MDFi)
 14851 | Lair:2   | Found a staircase to the Swamp.
 15501 | Lair:3   | Noticed an eight-headed hydra
 15594 | Lair:3   | Reached XP level 13. HP: 103/103 MP: 13/13
 15648 | Lair:3   | You fall into a shaft and drop 2 floors!
 15648 | Lair:5   | Entered Level 5 of the Lair of Beasts
 15746 | Lair:5   | Reached skill level 10 in Fighting
 16067 | Lair:4   | Noticed Sonja
 16069 | Lair:4   | Killed Sonja
 16178 | Lair:4   | Received a gift from Trog
 17674 | Lair:4   | Found a staircase to the Slime Pits.
 18961 | Lair:5   | Reached skill level 10 in Evocations
 19002 | Lair:5   | Reached skill level 11 in Fighting
 19075 | Lair:5   | Reached skill level 10 in Dodging
 19116 | Lair:5   | Noticed an entropy weaver
 19465 | Lair:5   | Received a gift from Trog
 19746 | Lair:4   | Reached XP level 14. HP: 86/113 MP: 14/14
 19746 | Lair:4   | Acquired a gyromatrix Mk.59 {rPois rF+ Regen+ RegenMP+
                  | rCorr}
 20379 | D:12     | Identified the +1 shortbow of the Hurting Gods {drain, rC+
                  | Will+ Str+5}
 20741 | D:12     | Found a portal to a secret trove of treasure.
 20848 | D:12     | Reached skill level 5 in Axes
 20884 | D:13     | Found a gate to the Vaults.
 21265 | D:13     | Noticed Josephine
 21278 | D:13     | Killed Josephine
 21947 | D:13     | Noticed Snorg
 21976 | D:13     | Killed Snorg
 22409 | D:9      | Found a staircase to the Orcish Mines.
 22623 | D:9      | Found Toamu's Elemental Accessories.
 22963 | Orc:1    | Entered Level 1 of the Orcish Mines
 23009 | D:9      | Received a gift from Trog
 23120 | Orc:1    | Paralysed by an orc sorcerer for 5 turns
 23666 | Orc:2    | Entered Level 2 of the Orcish Mines
 23666 | Orc:2    | Found Udeyc's Weapon Shop.
 23696 | Orc:2    | Found Jahudde's Magic Scroll Shoppe.
 23708 | Orc:2    | Reached skill level 10 in Axes
 23766 | Orc:2    | Found a staircase to the Elven Halls.
 23910 | Orc:2    | Found Dezxadgho's Weapon Shoppe.
 24101 | Orc:2    | Found Luoffos's Weapon Shoppe.
 24138 | Orc:2    | Received a gift from Trog
 24362 | Orc:2    | Reached XP level 15. HP: 64/119 MP: 15/15
 24486 | Orc:2    | Found Cakosam's General Store.
 24486 | Orc:2    | Found Warph's Distillery.
 24488 | Orc:2    | Found Afysm's Assorted Antiques.
 24488 | Orc:2    | Found Toll's Book Emporium.
 24499 | Orc:2    | Bought a potion of heal wounds for 75 gold pieces
 24499 | Orc:2    | Bought a potion of lignification for 45 gold pieces
 24499 | Orc:2    | Bought a potion of mutation for 120 gold pieces
 24499 | Orc:2    | Bought a potion of heal wounds for 75 gold pieces
 24544 | Orc:2    | Bought a scroll of silence for 123 gold pieces
 24544 | Orc:2    | Bought a scroll of teleportation for 39 gold pieces
 24544 | Orc:2    | Bought a scroll of immolation for 52 gold pieces
 24544 | Orc:2    | Bought a scroll of amnesia for 52 gold pieces
 24544 | Orc:2    | Bought a scroll of identify for 26 gold pieces
 24544 | Orc:2    | Bought a scroll of identify for 26 gold pieces
 24593 | Orc:2    | Bought a potion of berserk rage for 75 gold pieces
 24598 | Orc:2    | Bought a scroll of identify for 32 gold pieces
 24598 | Orc:2    | Bought a scroll of identify for 32 gold pieces
 24600 | Orc:2    | Bought a scroll of identify for 66 gold pieces
 24600 | Orc:2    | Bought a scroll of fog for 132 gold pieces
 24600 | Orc:2    | Bought a glowing chain mail for 247 gold pieces
 24778 | D:10     | Identified the +2 scale mail "Dessafeg" {Regen+ rCorr}
 25327 | Lair:5   | Found a corrupted altar of Lugonu.
 25327 | Lair:5   | Found a one-way gate to the infinite horrors of the Abyss.
 25740 | D:14     | Found a transporter.
 25789 | D:14     | Found a transporter.
 25830 | D:14     | Received a gift from Trog
 26009 | D:14     | Noticed Ucadoall's ghost (journeyman BaHu)
 26208 | D:15     | Entered Level 15 of the Dungeon
 26210 | D:15     | Noticed Kirke
 26221 | D:15     | Killed Kirke
 26248 | D:15     | Noticed Rupert
 26259 | D:15     | Killed Rupert
 26260 | D:15     | Reached skill level 10 in Armour
 26388 | D:15     | Found a staircase to the Depths.
 26435 | D:15     | Reached skill level 12 in Fighting
 26823 | D:15     | Noticed Roxanne
 27078 | D:15     | Killed Roxanne
 27079 | D:15     | Reached XP level 16. HP: 115/127 MP: 5/16
 27239 | Swamp:1  | Entered Level 1 of the Swamp
 27336 | Swamp:1  | Identified the +7 broad axe of Killer Bee's Bane
                  | {antimagic, ^Contam +Blink Str+8 Stlth-} (Trog gifted it to
                  | you on level 1 of the Swamp)
 27336 | Swamp:1  | Received a gift from Trog
 27356 | Swamp:1  | Identified the +10 shortbow of Bile {flame, rElec Int+4}
 27634 | Swamp:1  | Found a runed translucent gate.
 27634 | Swamp:1  | Found a runed translucent gate.
 27636 | Swamp:1  | Found a runed translucent gate.
 27652 | Swamp:1  | Noticed retardedninja's ghost (adept CoFi)
 28260 | Swamp:2  | Noticed a fenstrider witch
 28270 | Swamp:2  | Killed a fenstrider witch
 29341 | Swamp:4  | Entered Level 4 of the Swamp
 29380 | Swamp:4  | Found a glacial archway.
 29478 | IceCv    | Entered an ice cave
 29827 | IceCv    | Identified the +5 rapier "Teriarib" {flame, rF+} (Trog
                  | gifted it to you in an ice cave)
 29827 | IceCv    | Received a gift from Trog
 29839 | IceCv    | Identified the +7 mace of the Mauling Gods {flame, rN+
                  | Will+ Stlth+}
 29905 | Swamp:4  | Noticed a fenstrider witch
 29912 | Swamp:4  | Killed a fenstrider witch
 29913 | Swamp:4  | Reached XP level 17. HP: 118/135 MP: 5/17
 30316 | Swamp:4  | Reached skill level 13 in Fighting
 30711 | Swamp:4  | Identified the +1 chain mail "Icimuoro" {Int+5}
 30726 | Swamp:4  | Got a decaying rune of Zot
 31050 | Spider:1 | Entered Level 1 of the Spider Nest
 31352 | D:6      | Killed DeathSocks's ghost
 31352 | D:6      | Received a gift from Trog
 31619 | Lair:2   | Killed Buudu's ghost
 31801 | Spider:1 | Found a transporter.
 31803 | Spider:1 | Found a transporter.
 31849 | Spider:1 | Reached skill level 15 in Axes
 32232 | Spider:2 | Identified the +8 quarterstaff of Vengeance {antimagic,
                  | rN+}
 32442 | Spider:2 | Reached skill level 5 in Stealth
 33116 | Spider:2 | Reached XP level 18. HP: 144/144 MP: 6/18
 33726 | Spider:3 | Reached ****** piety under Trog
 33816 | Spider:3 | Received a gift from Trog
 34418 | Spider:4 | Entered Level 4 of the Spider Nest
 34877 | Spider:4 | Paralysed by a jorogumo for 2 turns
 35123 | Spider:4 | Received a gift from Trog
 35390 | Spider:4 | Reached skill level 15 in Evocations
 35585 | Spider:4 | Reached skill level 14 in Fighting
 35733 | Spider:4 | Got a gossamer rune of Zot
 36380 | Vaults:1 | Entered Level 1 of the Vaults
 36380 | Vaults:1 | Noticed Nikola
 36395 | Vaults:1 | Killed Nikola
 36494 | Vaults:1 | Reached XP level 19. HP: 62/152 MP: 6/19
 37174 | Vaults:1 | Received a gift from Trog
 37784 | D:7      | Bought a sack of spiders for 960 gold pieces
 37865 | D:9      | Bought a tin of tremorstones (2/2) for 480 gold pieces
 37941 | Orc:2    | Bought 4 silver javelins for 468 gold pieces
 37941 | Orc:2    | Bought 3 curare-tipped darts for 46 gold pieces
 37972 | Orc:2    | Bought a potion of curing for 45 gold pieces
 37972 | Orc:2    | Bought a potion of curing for 45 gold pieces
 37972 | Orc:2    | Bought a potion of curing for 45 gold pieces
 38244 | Vaults:1 | Found a runed translucent gate.
 38244 | Vaults:1 | Found a runed translucent gate.
 38244 | Vaults:1 | Found a runed translucent gate.
 38881 | Vaults:1 | Received a gift from Trog
 39175 | Vaults:1 | Found a glowing golden altar of the Shining One.
 39219 | Vaults:1 | Identified the +6 chain mail "Pozeak" {rElec rPois rCorr
                  | Slay-3}
 39235 | Vaults:1 | Identified the +1 leather armour of Lugonu's Grace {rElec}
 39311 | Vaults:2 | Reached skill level 15 in Fighting
 39537 | Vaults:2 | Reached XP level 20. HP: 136/162 MP: 6/20
 39666 | Vaults:2 | Identified the +4 whip of Beyond {flame, Will+++ Dex+2
                  | Stlth-}
 39760 | Vaults:2 | Received a gift from Trog
 39951 | Vaults:2 | Found Voiluun's Weapon Shoppe.
 40987 | Vaults:2 | Found a staircase to the Crypt.
 41451 | Vaults:3 | Found Dionas's Magic Scroll Boutique.
 41459 | Vaults:3 | Bought a scroll of butterflies for 60 gold pieces
 41459 | Vaults:3 | Bought a scroll of poison for 60 gold pieces
 41459 | Vaults:3 | Bought a scroll of teleportation for 45 gold pieces
 41518 | Vaults:3 | Reached skill level 16 in Fighting
 41626 | Vaults:3 | Reached skill level 15 in Armour
 41627 | Vaults:3 | Received a gift from Trog
 41736 | Vaults:3 | Reached XP level 21. HP: 150/172 MP: 7/21
 42440 | Vaults:4 | Found Teyga's Armour Emporium.
 42445 | Vaults:4 | Reached skill level 17 in Fighting
 42703 | Vaults:4 | Reached skill level 18 in Fighting
 42717 | Vaults:4 | Received a gift from Trog
 43181 | Spider:1 | Got the +5 pair of boots of Servitude {Fly MP+9 Int+2
                  | Dex+3}
 44207 | Vaults:4 | Found the +18 shield of the Gong {Loud rN+ Will+ rCorr
                  | EV-5}
 44509 | Depths:1 | Entered Level 1 of the Depths
 44563 | Depths:1 | Received a gift from Trog
 44622 | Depths:1 | Noticed Mara
 44636 | Depths:1 | Killed Mara
 44686 | Depths:1 | Noticed Sojobo
 44690 | Depths:1 | Paralysed by an air elemental for 1 turns
 44698 | Depths:1 | Killed Sojobo
 44836 | Depths:1 | Found a gateway to Hell.
 44894 | Depths:1 | Found a one-way gate leading to the halls of Pandemonium.
 44895 | Depths:1 | Gained mutation: You are weak. (Str -2) [a cacodemon]
 45058 | Depths:1 | Reached XP level 22. HP: 184/185 MP: 10/22
 45196 | Depths:1 | Found the +3 salamander hide armour {Flames, rFlCloud rF++
                  | rC--}
 45265 | Depths:1 | Identified the +0 chain mail of Temperance {Will++}
 45675 | Depths:2 | Received a gift from Trog
 45766 | Depths:2 | Noticed a caustic shrike
 45800 | Depths:2 | Killed a caustic shrike
 46089 | Depths:2 | Found a one-way gateway to a ziggurat.
 46309 | Depths:2 | Noticed Saint Roka
 46323 | Depths:2 | Killed Saint Roka
 46879 | Depths:2 | Identified a scroll of acquirement
 47082 | Depths:3 | Reached skill level 15 in Dodging
 47233 | Depths:3 | Reached skill level 10 in Throwing
 47402 | Depths:3 | Received a gift from Trog
 47468 | Depths:3 | Reached skill level 19 in Fighting
 47622 | Depths:3 | Paralysed by a sphinx for 5 turns
 47705 | Depths:3 | Found a sacrificial altar of Ru.
 47956 | Depths:3 | Noticed a golden dragon
 47967 | Depths:3 | Killed a golden dragon
 48013 | Depths:3 | Noticed a caustic shrike
 48017 | Depths:3 | Reached XP level 23. HP: 149/194 MP: 10/23
 48017 | Depths:3 | Killed a caustic shrike
 48184 | Depths:3 | Acquired 463 gold pieces
 48196 | Depths:3 | Noticed the Enchantress
 48419 | Depths:3 | Killed the Enchantress
 48419 | Depths:3 | Received a gift from Trog
 48421 | Depths:3 | Noticed Jory
 48434 | Depths:3 | Killed Jory
 48467 | Depths:3 | Found Jearahom's CLEARANCE SALE!.
 48473 | Depths:3 | Bought a potion of haste for 30 gold pieces
 48473 | Depths:3 | Bought a wand of paralysis (5) for 36 gold pieces
 48708 | D:12     | You paid a toll of +3 storm dragon scales to enter a
                  | treasure trove
 48709 | Trove    | Entered a treasure trove
 48716 | Trove    | Identified the +0 buckler "Goatz" {Harm rPois rF-}
 48718 | Trove    | Identified the +4 broad axe of Grontol {heavy, Str+4 Int+3}
 48735 | Trove    | Identified the +1 buckler of Owaacs {+Blink Fly rPois rF-}
 49833 | Depths:4 | Entered Level 4 of the Depths
 50135 | Depths:4 | Received a gift from Trog
 50768 | Depths:4 | Found Huowk's Book Boutique.
 50773 | Depths:4 | Found Kamewk's Jewellery Shoppe.
 50774 | Depths:4 | Found Dehuot's Book Boutique.
 50870 | Depths:4 | Found a gate to the Realm of Zot.
 51074 | Depths:4 | Reached skill level 20 in Fighting
 51123 | Depths:4 | Identified the +0 robe of Polish {+Blink rN+ rCorr Str-5}
 51156 | Depths:4 | Received a gift from Trog
 51682 | Vaults:5 | Entered Level 5 of the Vaults
 51682 | Vaults:5 | Noticed an ancient lich
 51780 | Vaults:4 | Reached XP level 24. HP: 127/204 MP: 2/23
 51830 | Vaults:4 | Killed an ancient lich
 52034 | Vaults:5 | Paralysed by a sphinx for 3 turns
 52488 | Vaults:4 | Received a gift from Trog
 52593 | Abyss:2  | Cast into level 2 of the Abyss (a deep elf sorcerer)
 52672 | Abyss:2  | Found a corrupted altar of Lugonu.
 53017 | Abyss:2  | Found a corrupted altar of Lugonu.
 53034 | Abyss:2  | Found a corrupted altar of Lugonu.
 53066 | Vaults:5 | Escaped the Abyss
 53268 | Vaults:5 | Noticed an ancient lich
 53331 | Vaults:4 | Killed an ancient lich
 53353 | Vaults:5 | Identified the +6 rapier of Capital Punishment {antimagic,
                  | rPois rF+ rC+ rCorr} (Trog gifted it to you on level 5 of
                  | the Vaults)
 53353 | Vaults:5 | Received a gift from Trog
 53720 | Vaults:5 | Found Lucecuw's Book Shop.
 54150 | Vaults:5 | Found Kodederr's Magic Scroll Emporium.
 54155 | Vaults:5 | Bought a scroll of blinking for 142 gold pieces
 54155 | Vaults:5 | Bought a scroll of enchant weapon for 142 gold pieces
 54155 | Vaults:5 | Bought a scroll of teleportation for 57 gold pieces
 54165 | Vaults:5 | Bought a scroll of fog for 76 gold pieces
 54341 | Vaults:5 | Identified the ring "Veudghez" {rPois rN+ AC+4}
 54771 | Vaults:5 | Got a silver rune of Zot
 55139 | Elf:1    | Entered Level 1 of the Elven Halls
 55208 | Elf:1    | Found a radiant altar of Vehumet.
 55248 | Elf:1    | Received a gift from Trog
 55310 | Elf:1    | Found Lir Vimu's Jewellery Boutique.
 55445 | Elf:1    | Found Wosyiv's Assorted Antiques.
 55447 | Elf:1    | Found Mufoucvu's Armour Emporium.
 55462 | Elf:1    | Reached XP level 25. HP: 213/213 MP: 10/23
 55485 | Elf:1    | Bought a potion of heal wounds for 130 gold pieces
 55793 | Elf:1    | Found Leipir's Book Shoppe.
 55871 | Elf:1    | Found Etrywuajuo's Distillery.
 55879 | Elf:1    | Bought a potion of enlightenment for 60 gold pieces
 55879 | Elf:1    | Bought a potion of heal wounds for 60 gold pieces
 55879 | Elf:1    | Bought a potion of heal wounds for 60 gold pieces
 55879 | Elf:1    | Bought a potion of haste for 120 gold pieces
 55879 | Elf:1    | Bought a potion of ambrosia for 96 gold pieces
 55879 | Elf:1    | Bought a potion of invisibility for 96 gold pieces
 55909 | Elf:2    | Reached skill level 21 in Fighting
 56003 | Elf:2    | Received a gift from Trog
 56065 | Elf:2    | Found a shimmering blue altar of Sif Muna.
 56299 | Elf:2    | Found Feleat's Armour Shop.
 56384 | Elf:2    | Found a huge runed translucent gate.
 56384 | Elf:2    | Found a huge runed translucent gate.
 56384 | Elf:2    | Found a huge runed translucent gate.
 56387 | Elf:2    | Found a huge runed translucent gate.
 56389 | Elf:2    | Found a huge runed translucent gate.
 56502 | Elf:3    | Entered Level 3 of the Elven Halls
 56675 | Elf:3    | Paralysed by an air elemental for 1 turns
 56698 | Elf:3    | Found Ytatenn's General Store.
 57174 | Elf:3    | Noticed Bai Suzhen
 57185 | Elf:3    | Killed Bai Suzhen
 57200 | Elf:3    | Received a gift from Trog
 57466 | Elf:3    | Identified the +8 great sword of Litwes {heavy, rPois
                  | rCorr}
 57584 | Elf:3    | Identified the ring of Xom's Ringing Laughter {rPois rC+
                  | rCorr Str+3 Dex-3}
 57668 | Elf:3    | Identified the +0 dagger of Untimely Demise {elec, rF+}
 57673 | Elf:3    | Identified the +3 plate armour of Filth {Fly}
 57676 | Elf:3    | Identified the +1 great sword "Jecagy" {flame, +Blink rElec
                  | Stlth+}
 58234 | Zot:1    | Entered Level 1 of the Realm of Zot
 58237 | Zot:1    | Noticed an ancient lich
 58237 | Zot:1    | Noticed Emoisch's ghost (adept MiFi)
 58442 | Zot:1    | Noticed a Killer Klown
 58443 | Zot:1    | Reached skill level 22 in Fighting
 58448 | Zot:1    | Noticed a Killer Klown
 58534 | Zot:1    | Received a gift from Trog
 58765 | Zot:1    | Noticed a Killer Klown
 58772 | Zot:1    | Noticed a Killer Klown
 58786 | Zot:1    | Killed a Killer Klown
 58808 | Zot:1    | Killed a Killer Klown
 59074 | Zot:1    | Found a transporter.
 59130 | Zot:1    | Found a transporter.
 59303 | Zot:1    | Reached XP level 26. HP: 146/225 MP: 10/23
 59336 | Zot:1    | Noticed an orb of fire
 59341 | Zot:1    | Killed an orb of fire
 59584 | Zot:2    | Reached skill level 15 in Throwing
 59841 | Zot:2    | You are sucked into a shaft and drop 1 floor!
 59854 | Zot:3    | Noticed a dread lich
 60224 | Zot:2    | Received a gift from Trog
 60589 | Zot:3    | Noticed a dread lich
 61159 | Zot:3    | Found a radiant altar of Vehumet.
 61162 | Zot:3    | Noticed a dread lich
 61163 | Zot:3    | Found a transporter.
 61901 | Zot:4    | Noticed Vv
 61930 | Zot:4    | Killed Vv
 62794 | Zot:5    | Entered Level 5 of the Realm of Zot
 63059 | Zot:5    | Reached skill level 23 in Fighting
 63067 | Zot:5    | Received a gift from Trog
 63249 | Zot:5    | Noticed an orb of fire
 63256 | Zot:5    | Killed an orb of fire
 63303 | Zot:5    | Noticed a dread lich
 63308 | Zot:5    | Paralysed by a dread lich for 4 turns
 63310 | Zot:5    | Noticed a Killer Klown
 63316 | Zot:5    | Killed a dread lich
 63316 | Zot:5    | Noticed a dread lich
 63320 | Zot:5    | Killed a dread lich
 63322 | Zot:5    | Killed a Killer Klown
 63326 | Zot:5    | Noticed an ancient lich
 63330 | Zot:5    | Reached XP level 27. HP: 125/235 MP: 10/23
 63336 | Zot:5    | Killed an ancient lich
 63389 | Zot:5    | Noticed a dread lich
 63393 | Zot:5    | Killed a dread lich
 63433 | Zot:5    | Noticed a dread lich
 63444 | Zot:5    | Killed a dread lich
 63458 | Zot:5    | Noticed a dread lich
 63466 | Zot:5    | Killed a dread lich
 63557 | Zot:5    | Noticed a dread lich
 63564 | Zot:5    | Noticed an orb of fire
 63574 | Zot:5    | Killed a dread lich
 63574 | Zot:5    | Killed an orb of fire
 63581 | Zot:5    | Received a gift from Trog
 63608 | Zot:5    | Noticed a dread lich
 63611 | Zot:5    | Killed a dread lich
 63786 | Zot:5    | Noticed a dread lich
 63794 | Zot:5    | Killed a dread lich
 64111 | Zot:5    | Got the Orb of Zot
 64621 | D:$      | Escaped with the Orb!

Illustrated notes

Levels and vault maps discovered:
D:1:      lemuel_arrival_rhombus, layout_basic, kennysheep_another_room
D:2:      layout_basic, serial_glass, glass_columns_a, glass_columns_c,
          shapermc_ecumenical_altar_flowoftime, dk_noncrumbling_3, uniq_natasha
D:3:      layout_basic
D:4:      layout_basic, mainiacjoe_overflow_brackets
D:5:      layout_basic, uniq_blork_the_orc
D:6:      layout_basic, mainiacjoe_overflow_small_starburst,
          nicolae_tso_swordbearing_angel, cheibriados_altar_2,
          lemuel_round_altar, ebering_ghost_gozag, kennysheep_diamond
D:7:      layout_basic, minmay_temple_entry_offerings, serial_shops, shop,
          nicolae_nh_ransacked_shop
D:8:      layout_basic, dk_yredelemnul_ordeal, ashenzari_conservatory_becter,
          feat_on_display
D:9:      nzn_winding_woodlands_cross
          [nzn_winding_woodlands_5x15_river_crossing,
          nzn_winding_woodlands_5x15_jagged, nzn_winding_woodlands_5x15_twine,
          nzn_winding_woodlands_5x15_default,
          nzn_winding_woodlands_15x15_eel_pit], layout_gridville, erik_orc_1,
          hangedman_glass_teeth, minmay_misc_feat_enclosed,
          nicolae_elemental_shop, dreamdust_gnoll_shepherd
D:10:     layout_cave_pods, grunt_temple_overflow_gold_and_silver,
          minmay_lindwurm_lava, uniq_psyche, uniq_grum
D:11:     layout_stronghold, lair_entry_dummy, grunt_decor_clamped
D:12:     layout_roguey, nicolae_trove_entry_columns
D:13:     layout_roguey [special_room_bee], david_vaults_2, uniq_josephine,
          uniq_snorg
D:14:     layout_cave_pools, nzn_ghost_randoct, nicolae_splish_splash
D:15:     grunt_enter_depths_hoard, layout_rooms, nicolae_lava_and_water,
          small_chamber_with_monster, uniq_roxanne, uniq_kirke, uniq_rupert
Temple:   nicolae_temple_ecumenical_triangle
Lair:1:   layout_regular_city, eino_small_chamber_without_monster, uniq_nergalle
Lair:2:   layout_small_grid, swamp_mist, hellmonk_spider_entry_life_and_decay,
          gammafunk_ghost_ooze, st_stairs_11, grunt_megastairs_2
Lair:3:   layout_chaotic_city, serial_forest, infiniplex_forest_clump_diagonal,
          infiniplex_forest_end_2, infiniplex_forest_straight_2,
          infiniplex_forest_corner_2, infiniplex_forest_clump_diagonal,
          infiniplex_forest_corner_1, infiniplex_forest_clump_diagonal,
          infiniplex_forest_clump_small
Lair:4:   layout_cave_shapes, nicolae_slime_entry_slimehenge,
          chequers_serial_rivers_marsh, grunt_megastairs_1, lemuel_fruit_tree,
          uniq_sonja
Lair:5:   hellmonk_lair_end_abyssal_woods, layout_long_grid
Swamp:1:  layout_basic_swamp, gammafunk_ghost_necromancy,
          evilmike_swamp_ruin_house_4
Swamp:2:  layout_falls_marsh, evilmike_swamp_ruin_rubble_2, swamp_pool_5,
          grunt_witch_cave
Swamp:3:  layout_falls_marsh, nicolae_swamp_trees_clearing, swamp_pool_5
Swamp:4:  swamp_alternative, layout_basic_swamp,
          portal_ice_cave_entry_ugly_swarm, nicolae_swamp_decorative_isthmus
Spider:1: gammafunk_boulding_lane
Spider:2: nicolae_spider_hilbert_zone_3 [nicolae_spider_hilbert_4_sides_2_open,
          nicolae_spider_hilbert_3_sides_1_open,
          nicolae_spider_hilbert_3_sides_1_open,
          nicolae_spider_hilbert_3_sides_1_open,
          nicolae_spider_hilbert_3_sides_1_open,
          nicolae_spider_hilbert_4_sides_1_open,
          nicolae_spider_hilbert_4_sides_1_open,
          nicolae_spider_hilbert_4_sides_1_open,
          nicolae_spider_hilbert_4_sides_1_open,
          nicolae_spider_hilbert_4_sides_1_open,
          nicolae_spider_hilbert_4_sides_1_open,
          nicolae_spider_hilbert_4_sides_1_open,
          nicolae_spider_hilbert_4_sides_1_open,
          nicolae_spider_hilbert_3_sides_1_open,
          nicolae_spider_hilbert_3_sides_1_open,
          nicolae_spider_hilbert_3_sides_1_open,
          nicolae_spider_hilbert_3_sides_1_open]
Spider:3: layout_spider_delve, hangedman_spider_tarantella_strand
Spider:4: grunt_spider_rune_island, nicolae_spider_swamp_cousins
Orc:1:    layout_caves
Orc:2:    grunt_orc_tribal_feast, layout_caves, serial_shops,
          nicolae_shop_crystal, nicolae_shop_hallway_stairs, shop_fountains,
          shop
Elf:1:    eino_elf_arrival_altar, layout_rooms, serial_shops,
          nicolae_shop_pleasant_corner_grove, nicolae_shop_waterfront,
          nicolae_shop_behind_doors, shop, nicolae_square_shop,
          minmay_elf_annihilation, nicolae_elf_stone_circles
Elf:2:    elven_hall_of_blades_hangedman_alternative
          [nicolae_blade_entry_floor_patterns], layout_loops_cross, basic_altar,
          serial_shops, shop
Elf:3:    minmay_elf_hall_furrowed, layout_loops_corners, serial_shops, shop,
          uniq_bai_suzhen
Vaults:1: abrahamwl_protected_by_tso_2, nicolae_vaults_twisting_passages,
          v_alt_pattern_2, hangedman_vaults_maws, hangedman_vaults_restitches,
          nicolae_vaults_rhombus_7, v_misc_14, grunt_vaults_hallway_long,
          ontoclasm_vaults_spin, nicolae_vaults_little_squares_4,
          nicolae_vaults_windows_and_doors_thing,
          nicolae_vaults_big_angled_halls, layout_vaults_omnibox, uniq_nikola
Vaults:2: minmay_crypt_entry_simple_statues, v_misc_11, v_misc_27,
          nicolae_vaults_taking_the_gang_shopping, nicolae_vaults_six-pack,
          hangedman_vaults_variations, nicolae_vaults_six-pack,
          nicolae_vaults_tetromino_T_1, ontoclasm_vaults_fault, v_misc_25,
          nicolae_vaults_crenellated_ambush, layout_vaults_omnigrid
Vaults:3: nicolae_vaults_trapezoid_lopsided_1, nicolae_vaults_network_star,
          hangedman_vaults_nails, nicolae_vaults_stand_back, vaults_dpeg_cross,
          nicolae_vaults_prndl, nicolae_vaults_shrinking_rooms_1,
          nicolae_vaults_trapezoid_4, nicolae_vaults_diamond_1,
          layout_vaults_big_room, serial_shops, shop
Vaults:4: vaults_mumra_minichess_inversion, v_rooms_6, hangedman_vaults_trim,
          vaults_room_door_hall, v_misc_19, hellmonk_guarded_unrand_gong,
          nicolae_vaults_surprise_closet, dpeg_vaults_monster_box,
          nicolae_vaults_trapezoid_3, nicolae_vaults_rhombus_6,
          layout_vaults_omnicross
Vaults:5
Depths:1: layout_honeycomb, rand_demon_pan_entry_8, minmay_misc_feat_diagonals,
          pf_coc_iceberg, hellmonk_guarded_unrand_salamander, uniq_mara,
          uniq_sojobo
Depths:2: nicolae_legendary_halls, layout_basic, enter_ziggurat_b,
          nrook_mini_backslash, abyss_entry, rand_demon_pan_entry_7,
          pf_vacation_house_of_asmodeus, infiniplex_staircase_pool_2,
          uniq_saint_roka
Depths:3: minmay_quarter_circles, layout_cave_pools, abyss_entry,
          nicolae_ru_awakened_eye, lightli_too_deep, nicolae_shop_clearance,
          uniq_jory, uniq_enchantress
Depths:4: grunt_zot_entry_funnels, layout_small_grid, grunt_decor_one_mirror,
          hellmouth_1, minmay_serpent_palace, minmay_shop_grove, uniq_josephina
Zot:1:    grunt_zot_stairs_faceoff, layout_twisted_circle,
          gammafunk_ghost_abyssal_escape
Zot:2:    layout_twisted_circle, bh_zot_ikea_curve,
          regret_index_zotdec_stipple_waver
Zot:3:    gammafunk_sealed_library, layout_misc_corridors
Zot:4:    layout_cathedral_of_symmetry, regret_index_zotdec_ex, uniq_vv
Zot:5:    layout_basic

Skill      XL: |  1  2  3  4  5  6  7  8  9 10 11 12 13 14 15 16 17 18 19 20 21 22 23 24 25 26 27 |
---------------+----------------------------------------------------------------------------------+-----
Stealth        | 1 2 3 4 5 7 8 |  8.0
Short Blades   | 1 2 4 6 7 8 10 | 10.0
Armour         | 2 3 4 6 7 9 10 11 12 13 15 16 17 18 20 21 | 21.6
Dodging        | 2 3 5 6 7 8 10 11 12 13 14 15 16 17 | 17.8
Evocations     | 1 3 4 5 8 10 12 13 14 15 16 18 19 20 21 | 21.3
Fighting       | 4 6 8 9 11 12 13 14 15 16 18 19 20 22 23 | 23.6
Throwing       | 2 4 6 7 8 9 10 12 14 16 | 16.9
Axes           | 11 13 14 15 16 18 | 18.0

Action                     |  1- 3 |  4- 6 |  7- 9 | 10-12 | 13-15 | 16-18 | 19-21 | 22-24 | 25-27 || total
---------------------------+-------+-------+-------+-------+-------+-------+-------+-------+-------++-------
  Melee: Hand axe          |    51 |       |       |       |       |       |       |       |       ||    51
         Dagger            |    59 |    89 |   304 |   757 |   484 |       |       |       |       ||  1693
         Short sword       |    22 |    87 |   287 |   722 |   871 |       |       |       |       ||  1989
         War axe           |       |       |       |       |  1106 |   886 |   673 |       |       ||  2665
         Broad axe         |       |       |       |       |       |   845 |   904 |  1473 |  1302 ||  4524
         Unarmed           |       |       |       |       |       |       |     4 |       |       ||     4
  Throw: Dart              |       |     7 |     9 |    63 |    39 |   154 |    10 |     3 |       ||   285
         Throwing net      |       |       |       |     1 |     1 |       |       |       |       ||     2
         Boomerang         |       |       |       |       |    61 |    48 |    50 |    90 |    15 ||   264
         Javelin           |       |       |       |       |     3 |     1 |     1 |     4 |    34 ||    43
 Invoke: Berserk           |       |       |     1 |     2 |     3 |     7 |     2 |     4 |       ||    19
         Trog's Hand       |       |       |       |       |     8 |     5 |     1 |     6 |     8 ||    28
         Brothers in Arms  |       |       |       |       |       |     4 |     1 |       |       ||     5
Ability: Invent Gizmo      |       |       |       |       |     1 |       |       |       |       ||     1
  Evoke: Wand              |       |       |       |     4 |    19 |    70 |     8 |    15 |    27 ||   143
         Phantom mirror    |       |       |       |       |     1 |     1 |     2 |       |     1 ||     5
         Phial of floods   |       |       |       |       |       |     2 |       |     1 |     1 ||     4
         Sack of spiders   |       |       |       |       |       |       |     3 |     1 |     3 ||     7
         Tin of tremorston |       |       |       |       |       |       |     3 |     3 |     3 ||     9
         Lightning rod     |       |       |       |       |       |       |       |       |    12 ||    12
    Use: Scroll            |       |       |       |    10 |    17 |    12 |     1 |    12 |     6 ||    58
         Potion            |       |       |       |       |     8 |     7 |     5 |     6 |    11 ||    37
   Stab: Sleeping          |     3 |     4 |     3 |     3 |     5 |       |     2 |       |       ||    20
         Held in net/web   |       |       |       |     1 |     5 |       |       |       |       ||     6
         Distracted        |       |       |       |       |     1 |     2 |     1 |     3 |     1 ||     8
         Confused          |       |       |       |       |       |       |       |       |     1 ||     1
 Armour: Animal skin       |    16 |       |       |       |       |       |       |       |       ||    16
         Ring mail         |    14 |       |       |       |       |       |       |       |       ||    14
         Scale mail        |     5 |    53 |    98 |       |   624 |   952 |   623 |   304 |       ||  2659
         Leather armour    |       |       |    73 |   335 |   196 |       |       |       |       ||   604
         Plate armour      |       |       |       |       |       |       |       |   623 |   872 ||  1495
  Dodge: Dodged            |    43 |    43 |   147 |   408 |   849 |  1020 |   656 |   756 |   571 ||  4493

Table legend: (Time is in decaauts)
 A = Elapsed time spent in this place.
 B = Non-inter-level travel time spent in this place.
 C = Inter-level travel time spent in this place.
 D = Time resting spent in this place.
 E = Time spent auto-exploring this place.
 F = Levels seen in this place.
 G = Mean time per level.
                   A        B        C        D        E       F      G
               +--------+--------+--------+--------+--------+-----+--------+
         Total |  64650 |  57085 |   7565 |   1972 |  41278 |  52 | 1243.3 |
       Dungeon |  19675 |  16362 |   3313 |    512 |  12412 |  15 | 1311.7 |
        Temple |      1 |      1 |      0 |      0 |      0 |   1 |    1.0 |
          Lair |   8144 |   7395 |    749 |    774 |   5298 |   5 | 1628.8 |
         Swamp |   3549 |   3331 |    218 |    102 |   2358 |   4 |  887.2 |
   Spider Nest |   4956 |   4388 |    568 |     83 |   3061 |   4 | 1239.0 |
  Orcish Mines |   1766 |   1417 |    349 |     76 |    789 |   2 |  883.0 |
   Elven Halls |   2924 |   2774 |    150 |      0 |   2098 |   3 |  974.7 |
        Vaults |  10252 |   8855 |   1397 |    193 |   6393 |   5 | 2050.4 |
        Depths |   6331 |   5764 |    567 |     54 |   4163 |   4 | 1582.8 |
           Zot |   6064 |   5815 |    249 |     24 |   4531 |   5 | 1212.8 |
         Abyss |    483 |    483 |      0 |     67 |     51 |   2 |  241.5 |
         Trove |     71 |     71 |      0 |      0 |     15 |   1 |   71.0 |
      Ice Cave |    428 |    428 |      0 |     83 |    106 |   1 |  428.0 |
               +--------+--------+--------+--------+--------+-----+--------+

Top non-repeatable levels by time:
Vaults:1: 3022 daAuts
Vaults:4: 2555 daAuts
     D:9: 2474 daAuts
    D:11: 2266 daAuts
  Lair:5: 2000 daAuts
Vaults:2: 1882 daAuts
Depths:4: 1825 daAuts
Depths:2: 1782 daAuts
  Lair:4: 1682 daAuts
  Lair:2: 1680 daAuts
Spider:4: 1638 daAuts
   Zot:4: 1611 daAuts
    D:10: 1602 daAuts
  Lair:1: 1592 daAuts
Depths:3: 1552 daAuts
